General information
- name: BNet
- type: Ladder team game (AT/RT)
- host: Battle.net
- saver: Gobiner
map: Highperch
- players: 6
- length: 64:27
- speed: Fast
- version: 1.21 W3XP
- replay type: Public
» download(384 KB)
Players
team 1 (winner)
Gobiner (
orange | 47 APM | 3015 actions | 64:27)
6 Blademaster
3 Wind Walk
2 Critical Strike
1 Bladestorm
» actions
| Assign group hotkey | 29 | |
| Basic commands | 23 | |
| Build / train | 67 | |
| ESC pressed | 1 | |
| Enter build submenu | 13 | |
| Enter hero's abilities submenu | 6 | |
| Give item / drop item | 6 | |
| Right click | 1711 | |
| Select / deselect | 278 | |
| Select group hotkey | 633 | |
| Use ability | 248 | |
3015 total
» units
» upgrades
| Liquid Fire | 1 | |
| Ranged Weapons | 3 | |
| Armor | 1 | |
| Reinforced Defenses | 1 | |
6 total
» buildings
| Altar of Storms | 1 | |
| Orc Burrow | 4 | |
| War Mill | 1 | |
| Voodoo Lounge | 2 | |
| Watch Tower | 5 | |
| Stronghold | 1 | |
| Fortress | 1 | |
| Beastiary | 2 | |
17 total
» build order
00:11 Altar of Storms
00:19 Orc Burrow
00:33 War Mill
01:40 Voodoo Lounge
01:55 Watch Tower
02:28 Watch Tower
02:58 Stronghold
03:06 Voodoo Lounge
04:09 Orc Burrow
05:20 Fortress
05:22 Beastiary
05:27 Beastiary
06:42 Orc Burrow
06:45 Orc Burrow
08:02 Watch Tower
08:03 Watch Tower
08:04 Watch Tower
» items
| Lesser Clarity Potion | 5 | |
| Healing Salve | 1 | |
| Scroll of Speed | 1 | |
| Boots of Speed | 3 | |
| Staff of Teleportation | 3 | |
| Dust of Appearance | 1 | |
| Orb of Lightning | 1 | |
| Potion of Mana | 1 | |
| Potion of Healing | 1 | |
| Scroll of Town Portal | 2 | |
19 total
kunt.roII (
pink | 89 APM | 5734 actions | 64:26)
4 Archmage
2 Blizzard
2 Brilliance Aura
4 Mountain King
2 Storm Bolt
2 Bash
5 Paladin
3 Holy Light
2 Divine Shield
» actions
| Assign group hotkey | 25 | |
| Basic commands | 98 | |
| Build / train | 142 | |
| ESC pressed | 10 | |
| Enter build submenu | 67 | |
| Enter hero's abilities submenu | 13 | |
| Give item / drop item | 9 | |
| Right click | 2281 | |
| Select / deselect | 471 | |
| Select group hotkey | 2298 | |
| Use ability | 319 | |
5734 total
» units
| Peasant | 15 | |
| Priest | 2 | |
| Sorceress | 2 | |
| Dragonhawk Rider | 19 | |
38 total
» upgrades
| Masonry | 3 | |
| Lumber Harvesting | 2 | |
| Magic Sentry | 1 | |
| Armor | 3 | |
| Sorceress Training | 2 | |
| Priest Training | 2 | |
| Animal War Training | 1 | |
| Swords | 3 | |
| Cloud | 1 | |
18 total
» buildings
| Altar of Kings | 1 | |
| Farm | 11 | |
| Scout Tower | 71 | |
| Lumber Mill | 1 | |
| Arcane Tower | 4 | |
| Guard Tower | 37 | |
| Keep | 3 | |
| Castle | 1 | |
| Arcane Sanctum | 1 | |
| Arcane Vault | 2 | |
| Barracks | 1 | |
| Gryphon Aviary | 1 | |
| Blacksmith | 1 | |
| Town Hall | 1 | |
136 total
» build order
00:08 Altar of Kings
00:32 Farm
00:51 Farm
00:57 Scout Tower
01:11 Lumber Mill
01:25 Arcane Tower
01:25 Arcane Tower
01:42 Scout Tower
02:13 Guard Tower
02:13 Guard Tower
02:15 Scout Tower
02:22 Scout Tower
02:57 Scout Tower
02:58 Scout Tower
03:00 Guard Tower
03:27 Guard Tower
03:27 Guard Tower
03:39 Guard Tower
03:40 Guard Tower
03:48 Guard Tower
03:48 Guard Tower
03:50 Scout Tower
03:50 Scout Tower
03:56 Farm
04:21 Keep
04:21 Keep
04:40 Guard Tower
04:41 Guard Tower
04:46 Scout Tower
04:48 Scout Tower
04:57 Scout Tower
04:58 Scout Tower
06:03 Guard Tower
06:26 Scout Tower
06:27 Scout Tower
06:32 Farm
06:36 Scout Tower
06:39 Scout Tower
06:41 Scout Tower
06:42 Scout Tower
06:50 Castle
07:19 Guard Tower
07:25 Arcane Tower
07:39 Scout Tower
07:39 Scout Tower
07:53 Scout Tower
07:57 Guard Tower
07:57 Guard Tower
08:04 Arcane Sanctum
08:16 Scout Tower
08:17 Scout Tower
09:02 Guard Tower
09:03 Scout Tower
09:05 Scout Tower
09:08 Scout Tower
09:08 Scout Tower
09:10 Scout Tower
09:35 Scout Tower
10:15 Guard Tower
10:15 Guard Tower
11:07 Arcane Vault
11:45 Guard Tower
12:56 Arcane Vault
13:27 Barracks
13:30 Gryphon Aviary
13:31 Blacksmith
14:08 Scout Tower
14:09 Scout Tower
14:10 Scout Tower
14:12 Scout Tower
15:04 Farm
15:04 Farm
15:05 Farm
18:05 Guard Tower
18:07 Scout Tower
18:25 Town Hall
18:53 Scout Tower
18:54 Scout Tower
18:55 Scout Tower
18:59 Scout Tower
19:00 Scout Tower
19:00 Scout Tower
20:07 Guard Tower
21:52 Guard Tower
37:43 Scout Tower
37:44 Scout Tower
37:45 Scout Tower
37:45 Scout Tower
37:46 Scout Tower
37:46 Scout Tower
37:48 Scout Tower
37:48 Scout Tower
37:49 Scout Tower
37:50 Scout Tower
37:50 Scout Tower
37:51 Scout Tower
38:28 Guard Tower
38:31 Scout Tower
38:31 Scout Tower
38:32 Scout Tower
38:33 Scout Tower
38:33 Scout Tower
38:34 Scout Tower
38:49 Scout Tower
38:50 Scout Tower
38:51 Scout Tower
38:53 Scout Tower
38:54 Scout Tower
38:54 Scout Tower
38:56 Scout Tower
38:57 Scout Tower
38:58 Scout Tower
38:58 Scout Tower
39:00 Scout Tower
39:04 Scout Tower
39:04 Scout Tower
39:08 Guard Tower
39:29 Guard Tower
39:29 Guard Tower
39:50 Guard Tower
39:50 Guard Tower
40:30 Guard Tower
40:30 Guard Tower
40:31 Guard Tower
40:48 Farm
40:49 Farm
40:50 Farm
40:50 Farm
44:05 Guard Tower
» items
| Lesser Clarity Potion | 1 | |
| Healing Salve | 1 | |
| Scroll of Speed | 1 | |
| Staff of Teleportation | 1 | |
| Boots of Speed | 3 | |
| Orb of Lightning | 5 | |
| Staff of Sanctuary | 3 | |
| Circlet of Nobility | 4 | |
| Periapt of Vitality | 1 | |
20 total
MrFrosty (
blue | 71 APM | 4571 actions | 64:26)
4 Archmage
2 Blizzard
2 Brilliance Aura
4 Blood Mage
2 Flame Strike
1 Siphon Mana
1 Banish
» actions
| Assign group hotkey | 28 | |
| Basic commands | 227 | |
| Build / train | 110 | |
| Enter build submenu | 55 | |
| Enter hero's abilities submenu | 8 | |
| Give item / drop item | 1 | |
| Right click | 2058 | |
| Select / deselect | 737 | |
| Select group hotkey | 1100 | |
| Use ability | 247 | |
4571 total
» units
| Peasant | 17 | |
| Priest | 5 | |
| Sorceress | 4 | |
| Dragonhawk Rider | 10 | |
36 total
» upgrades
| Masonry | 3 | |
| Magic Sentry | 1 | |
| Priest Training | 2 | |
| Sorceress Training | 2 | |
| Lumber Harvesting | 1 | |
| Animal War Training | 1 | |
| Armor | 3 | |
| Cloud | 1 | |
| Swords | 3 | |
17 total
» buildings
| Altar of Kings | 1 | |
| Farm | 12 | |
| Lumber Mill | 1 | |
| Scout Tower | 47 | |
| Arcane Tower | 8 | |
| Guard Tower | 24 | |
| Keep | 1 | |
| Arcane Sanctum | 1 | |
| Castle | 1 | |
| Gryphon Aviary | 2 | |
| Barracks | 1 | |
| Blacksmith | 1 | |
| Town Hall | 1 | |
| Arcane Vault | 1 | |
102 total
» build order
00:08 Altar of Kings
00:36 Farm
00:53 Lumber Mill
00:56 Scout Tower
01:25 Arcane Tower
01:26 Scout Tower
01:51 Farm
01:56 Scout Tower
02:25 Guard Tower
02:27 Guard Tower
03:12 Scout Tower
03:13 Scout Tower
03:41 Scout Tower
03:42 Arcane Tower
03:44 Guard Tower
03:45 Scout Tower
04:00 Scout Tower
04:17 Guard Tower
04:19 Scout Tower
04:33 Scout Tower
05:09 Guard Tower
05:11 Scout Tower
05:14 Scout Tower
05:29 Keep
05:40 Guard Tower
05:43 Scout Tower
05:48 Guard Tower
06:17 Guard Tower
06:32 Scout Tower
07:01 Guard Tower
07:04 Scout Tower
07:04 Scout Tower
07:21 Farm
07:23 Farm
07:26 Farm
07:35 Guard Tower
07:47 Scout Tower
07:57 Arcane Sanctum
08:16 Scout Tower
08:19 Guard Tower
08:37 Farm
08:43 Guard Tower
08:49 Scout Tower
09:45 Arcane Tower
11:37 Scout Tower
11:43 Castle
12:06 Arcane Tower
12:20 Farm
16:07 Gryphon Aviary
16:08 Barracks
16:09 Blacksmith
17:20 Town Hall
17:28 Scout Tower
17:43 Arcane Vault
18:00 Arcane Tower
19:26 Scout Tower
19:27 Scout Tower
19:27 Scout Tower
19:56 Guard Tower
20:01 Scout Tower
20:03 Scout Tower
20:08 Scout Tower
20:08 Scout Tower
20:09 Scout Tower
21:06 Guard Tower
21:23 Guard Tower
21:42 Guard Tower
21:57 Scout Tower
21:58 Scout Tower
22:18 Scout Tower
22:19 Scout Tower
22:23 Scout Tower
22:23 Scout Tower
22:25 Scout Tower
22:25 Scout Tower
22:27 Arcane Tower
22:28 Guard Tower
22:30 Scout Tower
22:37 Scout Tower
22:55 Arcane Tower
22:56 Guard Tower
22:59 Arcane Tower
23:14 Guard Tower
23:16 Scout Tower
23:37 Guard Tower
23:40 Scout Tower
23:41 Scout Tower
23:41 Scout Tower
24:21 Guard Tower
24:30 Scout Tower
24:59 Guard Tower
25:12 Scout Tower
25:13 Scout Tower
25:13 Scout Tower
26:03 Guard Tower
26:16 Guard Tower
38:08 Farm
38:09 Farm
38:10 Farm
38:11 Farm
38:11 Farm
39:28 Gryphon Aviary
» items
| Staff of Teleportation | 2 | |
| Boots of Speed | 2 | |
| Healing Salve | 2 | |
| Lesser Clarity Potion | 1 | |
| Orb of Lightning | 2 | |
| Staff of Sanctuary | 2 | |
| Scroll of Regeneration | 1 | |
| Periapt of Vitality | 1 | |
13 total
team 2 (loser)
Doubler24 (
teal | 41 APM | 2646 actions | 64:23)
3 Keeper of the Grove
2 Entangling Roots
1 Thorns Aura
2 Demon Hunter
1 Mana Burn
1 Evasion
» actions
| Assign group hotkey | 91 | |
| Basic commands | 48 | |
| Build / train | 71 | |
| ESC pressed | 4 | |
| Enter build submenu | 22 | |
| Enter hero's abilities submenu | 5 | |
| Give item / drop item | 2 | |
| Right click | 1351 | |
| Select / deselect | 540 | |
| Select group hotkey | 354 | |
| Use ability | 158 | |
2646 total
» units
| Wisp | 19 | |
| Huntress | 7 | |
| Chimaera | 17 | |
| Dryad | 8 | |
| Mountain Giant | 2 | |
53 total
» upgrades
| Strength of the Wild | 1 | |
| Reinforced Hides | 1 | |
| Corrosive Breath | 1 | |
3 total
» buildings
| Altar of Elders | 1 | |
| Moon Well | 8 | |
| Hunter's Hall | 1 | |
| Ancient of War | 1 | |
| Ancient of Wonders | 1 | |
| Tree of Ages | 1 | |
| Tree of Eternity | 3 | |
| Ancient of Wind | 1 | |
| Tree of Life | 2 | |
| Chimaera Roost | 2 | |
| Ancient of Lore | 2 | |
23 total
» build order
00:33 Altar of Elders
00:36 Moon Well
01:26 Hunter's Hall
01:30 Ancient of War
02:06 Moon Well
03:37 Ancient of Wonders
04:01 Tree of Ages
04:41 Moon Well
05:18 Moon Well
06:35 Moon Well
07:09 Tree of Eternity
07:09 Tree of Eternity
07:16 Ancient of Wind
09:03 Tree of Life
09:31 Chimaera Roost
09:32 Chimaera Roost
13:50 Tree of Life
14:03 Moon Well
14:05 Moon Well
19:28 Moon Well
23:10 Ancient of Lore
23:14 Ancient of Lore
» items
| Scroll of Healing | 1 | |
| Staff of Teleportation | 1 | |
| Dust of Appearance | 1 | |
3 total
omabuse. (
red | 62 APM | 3906 actions | 63:00)
3 Firelord
2 Summon Lava Spawn
1 Incinerate
3 Shadow Hunter
2 Hex
1 Healing Wave
1 Blademaster
1 Wind Walk
» actions
| Assign group hotkey | 56 | |
| Basic commands | 259 | |
| Build / train | 80 | |
| ESC pressed | 1 | |
| Enter build submenu | 21 | |
| Enter hero's abilities submenu | 8 | |
| Give item / drop item | 2 | |
| Remove unit from queue | 1 | |
| Right click | 1529 | |
| Select / deselect | 724 | |
| Select group hotkey | 1068 | |
| Use ability | 157 | |
3906 total
» units
| Peon | 11 | |
| Grunt | 2 | |
| Demolisher | 7 | |
| Harpy Rogue | 1 | |
| Troll Witch Doctor | 4 | |
| Troll Batrider | 26 | |
| Tauren | 1 | |
52 total
» upgrades
| Ranged Weapons | 3 | |
| Burning Oil | 1 | |
| Witch Doctor Training | 2 | |
| Pulverize | 1 | |
7 total
» buildings
| Altar of Storms | 1 | |
| Orc Burrow | 7 | |
| Barracks | 3 | |
| Voodoo Lounge | 1 | |
| Stronghold | 1 | |
| War Mill | 1 | |
| Watch Tower | 5 | |
| Fortress | 1 | |
| Beastiary | 1 | |
| Spirit Lodge | 1 | |
| Tauren Totem | 1 | |
23 total
» build order
00:06 Altar of Storms
00:11 Orc Burrow
00:36 Barracks
01:27 Voodoo Lounge
03:03 Stronghold
03:50 Orc Burrow
03:53 Barracks
04:04 War Mill
04:49 Orc Burrow
05:17 Barracks
06:48 Orc Burrow
06:51 Watch Tower
06:54 Watch Tower
07:31 Orc Burrow
08:33 Watch Tower
08:35 Watch Tower
08:41 Watch Tower
09:20 Fortress
09:52 Orc Burrow
13:08 Beastiary
13:11 Spirit Lodge
18:17 Tauren Totem
42:31 Orc Burrow
» items
| Healing Salve | 1 | |
| Lesser Clarity Potion | 5 | |
| Boots of Speed | 1 | |
7 total
stArt.a.wAr (
green | 56 APM | 3577 actions | 64:25)
3 Death Knight
2 Death Coil
1 Unholy Aura
2 Dreadlord
1 Sleep
1 Carrion Swarm
1 Firelord
1 Incinerate
1 Shadow Hunter
1 Healing Wave
» actions
| Assign group hotkey | 34 | |
| Basic commands | 93 | |
| Build / train | 67 | |
| ESC pressed | 1 | |
| Enter build submenu | 18 | |
| Enter hero's abilities submenu | 7 | |
| Give item / drop item | 4 | |
| Right click | 1725 | |
| Select / deselect | 449 | |
| Select group hotkey | 1085 | |
| Use ability | 94 | |
3577 total
» units
| Acolyte | 5 | |
| Ghoul | 4 | |
| Crypt Fiend | 16 | |
| Frost Wyrm | 9 | |
| Razormane Medicine Man | 1 | |
35 total
» upgrades
| Web | 1 | |
| Creature Carapace | 3 | |
| Freezing Breath | 1 | |
| Creature Attack | 3 | |
8 total
» buildings
| Crypt | 1 | |
| Ziggurat | 10 | |
| Graveyard | 1 | |
| Altar of Darkness | 1 | |
| Tomb of Relics | 1 | |
| Nerubian Tower | 1 | |
| Halls of the Dead | 3 | |
| Black Citadel | 2 | |
| Sacrificial Pit | 1 | |
| Boneyard | 2 | |
| Spirit Tower | 2 | |
25 total
» build order
00:06 Crypt
00:09 Ziggurat
00:38 Graveyard
00:57 Altar of Darkness
01:30 Tomb of Relics
02:40 Ziggurat
02:42 Ziggurat
03:21 Nerubian Tower
03:54 Halls of the Dead
03:54 Halls of the Dead
04:34 Ziggurat
06:23 Black Citadel
06:29 Sacrificial Pit
08:00 Ziggurat
08:01 Ziggurat
08:03 Ziggurat
08:48 Boneyard
08:50 Boneyard
16:30 Spirit Tower
26:58 Ziggurat
27:00 Ziggurat
27:01 Ziggurat
28:37 Spirit Tower
» items
| Rod of Necromancy | 1 | |
| Dust of Appearance | 3 | |
4 total
Chat log
(00:04 / All) kunt.roII: gl hf
(00:05 / Allies) MrFrosty: are you sure about that gob
(00:10 / All) Doubler24: GL
(00:11 / All) Doubler24: ?
(00:14 / All) omabuse.: hah
(00:17 / All) omabuse.: u niggers
(00:18 / All) omabuse.: again
(00:21 / All) kunt.roII: ?
(00:22 / All) Gobiner: hello maphackers
(00:24 / Allies) MrFrosty: woot
(00:26 / All) stArt.a.wAr: SUP
(00:44 / All) omabuse.: we wina gain
(00:46 / Allies) MrFrosty: just militia
(00:47 / Allies) MrFrosty: its ez
(00:47 / All) kunt.roII: ? ?? ?????
(00:52 / All) omabuse.: berat u guys
(00:54 / All) omabuse.: yestuday
(00:59 / All) kunt.roII: me?
(01:03 / Allies) MrFrosty: nope
(01:23 / Allies) MrFrosty: last game the mk didnt do much b/c of all the seige
(02:32 / All) stArt.a.wAr: mass mor etowers
(02:37 / All) kunt.roII: nice hax lmao
(02:42 / All) Doubler24: we can see
(02:42 / All) Doubler24: THEM
(02:43 / All) Doubler24: L
(02:45 / All) Doubler24: are heros are thier
(03:20 / Allies) MrFrosty: my hero was trapped too they could have hurt us
(03:23 / Allies) MrFrosty: pretty bad
(04:11 / Allies) MrFrosty: no
(04:13 / Allies) MrFrosty: they're pretty bad
(04:25 / Allies) MrFrosty: dual rax
(04:39 / Allies) MrFrosty: yes
(04:40 / Allies) MrFrosty: they do
(04:51 / Allies) MrFrosty: oj
(04:57 / Allies) MrFrosty: yeah
(05:01 / Allies) MrFrosty: love this maphack shit
(05:06 / Allies) MrFrosty: dont know why i bother
(06:18 / All) kunt.roII: haha
(06:20 / All) kunt.roII: you guys are so obvious
(06:32 / All) omabuse.: oh guys are noob
(06:51 / Allies) MrFrosty: creept hanks gob
(07:01 / All) kunt.roII: LOL
(07:07 / All) omabuse.: lol
(07:37 / Allies) MrFrosty: yeah i will
(07:42 / Allies) MrFrosty: then not leaving base
(07:54 / Allies) MrFrosty: i kind of suspect they will just fly over towers
(10:19 / All) kunt.roII: LOL
(10:23 / All) kunt.roII: get that dust
(10:25 / All) kunt.roII: before bm gets to u
(10:54 / All) kunt.roII: D
(12:03 / Allies) MrFrosty: cant
(12:04 / Allies) MrFrosty: hear
(12:09 / All) stArt.a.wAr: D
(12:09 / All) omabuse.: D
(12:10 / All) stArt.a.wAr: D
(12:13 / Allies) MrFrosty: yeah
(12:58 / Allies) kunt.roII: i got off vent
(13:02 / Allies) kunt.roII: idk about internet
(13:11 / Allies) kunt.roII: they will see
(13:16 / Allies) Gobiner: I know
(13:23 / Allies) MrFrosty: chimz
(13:25 / Allies) kunt.roII: chim
(13:35 / Allies) Gobiner: zero wisps anyway
(13:52 / Allies) kunt.roII: blow up
(14:00 / Allies) MrFrosty: yeah
(14:01 / Allies) MrFrosty: go
(14:18 / Allies) MrFrosty: nice
(14:25 / Allies) kunt.roII: need hero lvls tbqh
(14:37 / Allies) MrFrosty: come harrass
(14:37 / Allies) kunt.roII: they are camping the shop
(14:38 / Allies) kunt.roII: really
(14:39 / Allies) kunt.roII: gay
(15:54 / All) stArt.a.wAr: fucking noobs
(16:02 / All) kunt.roII: lmao
(16:22 / All) omabuse.: this is gonna be gay as fuck
(16:25 / All) omabuse.: noob mother fuckers
(16:28 / All) omabuse.: i know we win
(16:30 / All) omabuse.: but i waste
(16:32 / All) omabuse.: cuz
(16:35 / All) omabuse.: 40 mins
(16:37 / All) omabuse.: u suck bro
(16:38 / All) MrFrosty: yo i heard aobut a program that helps you micro, maybe you guys can use that too?
(16:39 / All) omabuse.: u just waste time
(16:40 / All) omabuse.: u wont win
(16:41 / All) omabuse.: ever
(16:43 / All) kunt.roII: u hack sis
(17:06 / All) stArt.a.wAr: nice try
(17:07 / All) stArt.a.wAr: noob
(17:44 / Allies) kunt.roII: ugh
(18:12 / Allies) MrFrosty: wards
(18:16 / All) kunt.roII: wards
(18:19 / All) kunt.roII: why do you n eed wards
(18:22 / All) kunt.roII: u got haxs
(18:30 / Allies) MrFrosty: shittttt
(18:32 / All) omabuse.: mh less noob
(18:47 / Allies) MrFrosty: lollllllllll
(19:17 / All) omabuse.: dood
(19:18 / Allies) kunt.roII: gob
(19:18 / All) omabuse.: ur a map hacker
(19:19 / Allies) kunt.roII: can u get us
(19:20 / All) omabuse.: and u suck
(19:20 / All) MrFrosty: is all that dust getting expensive or something?
(19:22 / All) omabuse.: its 2 bad things
(19:22 / Allies) kunt.roII: staff
(19:24 / Allies) kunt.roII: and boots
(19:26 / Allies) Gobiner: ya
(19:28 / All) omabuse.: watch noob
(19:30 / All) omabuse.: me rape u again
(19:31 / Allies) kunt.roII: cause we cant get tehre fast
(19:31 / All) omabuse.: in 3s
(19:33 / All) omabuse.: and im rape u again
(19:35 / All) MrFrosty: l o l
(19:36 / All) kunt.roII: ?? ?
(19:40 / All) omabuse.: tommorow
(19:44 / All) kunt.roII: like that guy that raped the 5 month old
(19:48 / All) kunt.roII: ?
(21:31 / Allies) kunt.roII: hahahHHh
(21:34 / Allies) kunt.roII: lollin
(21:53 / Allies) MrFrosty: they did some damage but jesus they lost alot
(21:58 / Allies) kunt.roII: yeah
(22:10 / Allies) kunt.roII: and it shows they were still in upkeep
(22:12 / Allies) Gobiner: forgot kunt isn't in vent anymore
(22:17 / Allies) kunt.roII: ill get back in
(22:27 / Allies) Gobiner: both times they moved the birds up where times my bats were flying away
(22:33 / Allies) MrFrosty: move am
(22:35 / Allies) MrFrosty: or give control
(24:24 / All) Gobiner: damn our dk got raped
(24:30 / All) stArt.a.wAr: ur a pussy ass bitch
(24:33 / Allies) MrFrosty: hahaha
(24:35 / All) omabuse.: u cant mcro
(24:35 / All) stArt.a.wAr: hide behind ur noob towers
(24:36 / All) omabuse.: for shit
(24:39 / All) kunt.roII: i think you guys need more hacks
(24:44 / All) kunt.roII: they dont seem to be working this game
(24:44 / All) Gobiner: you guys need a micro hack
(24:46 / All) Gobiner: to help you micro
(24:51 / All) MrFrosty: good idea green
(24:54 / All) MrFrosty: you lured us out
(25:04 / All) Gobiner: since you guys aren' going to win you might as well tiehack us
(25:08 / All) Gobiner: save us all a lot of time
(25:15 / All) kunt.roII: aye
(25:18 / All) omabuse.: ok
(25:19 / All) omabuse.: 1 sec
(25:22 / Allies) MrFrosty: woot
(25:23 / All) omabuse.: u waste of my time
(25:24 / All) omabuse.: u cnt micro
(25:26 / All) omabuse.: ur 30%
(25:27 / All) omabuse.: and urshit
(25:31 / All) omabuse.: so tie is fine with me
(25:32 / All) Gobiner: 2ez nub
(25:35 / All) kunt.roII: 2 e z
(25:37 / All) MrFrosty: go for it noob
(25:39 / All) omabuse.: i knwo ur 2 ez
(25:39 / All) kunt.roII: tie is fine with you
(25:42 / All) omabuse.: why dont u come
(25:42 / All) kunt.roII: cause you cant win u noob
(25:44 / All) omabuse.: with ur 1 unit
(25:46 / All) omabuse.: anbd ill rape u
(25:53 / All) MrFrosty: yo rush our towers again
(25:53 / All) kunt.roII: havent u tried that already
(26:00 / All) MrFrosty: you killed like atleast 8 last time
(26:14 / All) MrFrosty: and it only cost you 100 food of heavy air
(26:22 / All) MrFrosty: why didnt you see those bat?
(26:26 / Allies) MrFrosty: why did you stop gob
(26:26 / Allies) MrFrosty: ugh
(26:49 / All) omabuse.: 3 heros
(26:50 / All) omabuse.: ?|
(26:53 / All) omabuse.: learn 2 use 1 frist
(26:53 / All) omabuse.: plz
(26:56 / Allies) MrFrosty: hahaha
(27:09 / All) MrFrosty: you have killed i think 2 heroes this entire game
(27:30 / Allies) MrFrosty: yeah like it matters
(27:35 / Allies) MrFrosty: they can see it but not attack
(27:37 / All) omabuse.: u newbs
(27:39 / All) kunt.roII: LOL
(27:40 / All) omabuse.: bore me
(27:41 / All) omabuse.: seriously
(27:44 / All) Gobiner: so
(27:46 / All) MrFrosty: feel free to tie hack us
(27:48 / All) Gobiner: tiehack us and get it over with
(27:49 / All) omabuse.: its called sucking
(27:50 / All) MrFrosty: like you said you would
(27:54 / All) omabuse.: we will tie hack u
(28:00 / All) MrFrosty: cool
(28:01 / All) kunt.roII: what happened to eyeabuse
(28:05 / All) kunt.roII: did you lose last night too
(28:08 / All) omabuse.: we dont need him
(28:09 / All) MrFrosty: wouldnt expect anything less from you faggots
(28:10 / All) omabuse.: we raped Ur
(28:12 / All) omabuse.: sorry asses
(28:14 / All) omabuse.: last time
(28:16 / All) omabuse.: u do the same shit
(28:17 / All) omabuse.: over and over
(28:20 / All) omabuse.: its ez
(28:21 / All) kunt.roII: you hack
(28:22 / All) kunt.roII: over
(28:23 / All) kunt.roII: and Over
(28:24 / All) kunt.roII: its ez
(28:27 / All) MrFrosty: you maphacked this game and last game
(28:27 / All) omabuse.: atelast
(28:28 / All) omabuse.: we win
(28:30 / All) kunt.roII: LOL
(28:30 / All) omabuse.: dont be noob
(28:31 / All) MrFrosty: and im sure just about every game
(28:32 / All) omabuse.: no need for mh
(28:43 / All) kunt.roII: no need for mh because we can only win with mh
(28:45 / All) kunt.roII: i see
(28:51 / All) stArt.a.wAr: LOL
(28:52 / All) stArt.a.wAr: GG
(28:52 / All) MrFrosty: good think you have those fiends there
(28:56 / All) stArt.a.wAr: U CANZT BEAT ME
(29:01 / Allies) MrFrosty: they could if they had vision
(30:03 / Allies) kunt.roII: that didnt go so hot
(30:03 / All) stArt.a.wAr: nice bats
(30:04 / All) stArt.a.wAr: noob
(30:13 / All) Gobiner: too bad your hacks don't include any skills
(30:19 / All) omabuse.: 3v1 me
(30:21 / All) omabuse.: and still die?
(30:24 / All) omabuse.: thats what i call noewb
(30:26 / All) stArt.a.wAr: and ur towers require skill?
(30:27 / All) stArt.a.wAr: NOOB
(30:30 / All) kunt.roII: 3 v 1?
(30:40 / All) omabuse.: 3 heros
(30:41 / All) omabuse.: from pink
(30:42 / All) omabuse.: BM
(30:44 / All) omabuse.: and anotehr AM
(30:46 / Allies) MrFrosty: lollllllllllllllllllll
(30:46 / All) omabuse.: all aim my SH
(30:48 / All) omabuse.: and still die
(30:51 / All) omabuse.: its called pathetic skill
(30:53 / All) kunt.roII: not counting the fact that the entire NE army was there
(31:00 / All) kunt.roII: or that you lost a hero first ^_______^
(31:05 / All) omabuse.: nothhg was there
(31:06 / All) omabuse.: cept me
(31:07 / All) kunt.roII: yeak, 3v1 we didnt kill anything
(31:07 / All) omabuse.: nebw
(31:16 / Allies) MrFrosty: so theres room
(31:18 / Allies) MrFrosty: yah
(31:20 / Allies) MrFrosty: more pathes
(32:58 / All) kunt.roII: LOL
(33:02 / Allies) MrFrosty: send a single one in
(33:05 / All) omabuse.: yea newb
(33:06 / All) stArt.a.wAr: CUNT
(33:06 / All) stArt.a.wAr: GG
(33:11 / All) stArt.a.wAr: mh owns u
(33:34 / All) Gobiner: why not dust my bat
(33:42 / Allies) MrFrosty: alrite
(33:57 / Allies) MrFrosty: i like how these faggots are mining in upkeep
(34:00 / Allies) MrFrosty: and doing nothing
(34:06 / Allies) MrFrosty: lollll
(34:09 / All) kunt.roII: LOL}
(34:10 / All) Gobiner: ahahahaha
(34:18 / All) omabuse.: newbies.
(34:24 / All) omabuse.: i know u guys are
(34:28 / All) omabuse.: 49.8%
(34:34 / All) omabuse.: cuz we raped u yestuday
(34:36 / All) omabuse.: pretty easly
(34:36 / Allies) kunt.roII: did you make that number up
(34:40 / All) Gobiner: what percent would you guys be at if you didn't hack?
(34:41 / All) kunt.roII: easly
(34:42 / All) Gobiner: 12?
(34:43 / Allies) MrFrosty: gob might be
(34:43 / All) kunt.roII: ron weasly
(34:52 / All) omabuse.: we rape u
(34:54 / All) omabuse.: easly
(34:54 / All) Gobiner: probably 24%
(34:56 / All) omabuse.: dot need hax
(34:56 / All) Gobiner: thats my bet
(35:00 / Allies) MrFrosty: yeah how
(35:19 / Allies) MrFrosty: and kill item
(35:47 / Allies) MrFrosty: tp dont run
(36:20 / All) Gobiner: thanks for the items noobies ahahaha
(36:23 / Allies) kunt.roII: lol
(36:24 / All) stArt.a.wAr: np
(36:28 / All) stArt.a.wAr: ur bout to lose a 2 hour game
(36:29 / All) stArt.a.wAr: lol
(36:31 / All) omabuse.: items dont mean shit
(36:34 / All) omabuse.: if u cant even use heros
(36:35 / All) omabuse.: properly
(36:51 / All) kunt.roII: excuse me?
(36:56 / All) kunt.roII: how many times did you let the DK
(37:02 / All) kunt.roII: str hero with speed skill
(37:04 / All) omabuse.: shh newb
(37:06 / All) kunt.roII: die to immobile towers>?
(37:06 / All) omabuse.: u got no skill
(37:08 / All) omabuse.: come out of tower
(37:09 / Allies) MrFrosty: haha
(37:10 / All) omabuse.: and get raped
(37:12 / All) omabuse.: cuz uc ant use 3 heros
(37:31 / All) MrFrosty: yo im out of range of towers
(37:34 / All) MrFrosty: 2 intel heroes
(38:04 / All) omabuse.: sad eh
(38:14 / All) kunt.roII: look at me
(38:18 / All) kunt.roII: im making more towers
(38:31 / All) omabuse.: cool
(38:34 / All) Gobiner: he's gotten even nubbier and needs more towers now
(38:35 / All) omabuse.: u cant win
(38:41 / All) Gobiner: decided he can't win with 20
(38:42 / All) Gobiner: needs 40
(38:44 / All) omabuse.: u will get raped
(38:47 / All) omabuse.: u cant atk properly
(38:52 / All) omabuse.: he wont win
(38:56 / All) omabuse.: with 2090
(39:12 / All) MrFrosty: im pretty sure 2090 towers would cover up to your base
(39:15 / All) MrFrosty: so he might
(39:45 / All) MrFrosty: thats 1 mine empty
(39:52 / All) omabuse.: yerp
(40:02 / All) kunt.roII: it was really nice of you guys to mine the map in upkeep
(40:18 / All) MrFrosty: yo come back
(40:25 / All) kunt.roII: *right clicks 100food on hero*
(41:26 / All) Doubler24: blizzrd dryads?
(41:29 / All) omabuse.: lol
(41:32 / All) kunt.roII: dh nub
(41:59 / All) kunt.roII: keep it up guys
(42:01 / All) Doubler24: |
(42:03 / All) Doubler24: so
(42:05 / All) Doubler24: eventually
(42:06 / All) Doubler24: u think u can win
(42:07 / All) Doubler24: ?
(42:11 / All) kunt.roII: ? ??
(42:16 / All) Gobiner: !
(42:22 / Allies) MrFrosty: missed that
(42:30 / Allies) MrFrosty: just type it
(42:36 / Allies) kunt.roII: u save for towers on a perch
(42:38 / Allies) kunt.roII: if needed
(42:39 / Allies) MrFrosty: ok
(42:43 / Allies) Gobiner: "frosty, if we have to perch, lets have you, ummmmm"
(42:45 / Allies) MrFrosty: lots of gold and also hawk tech
(43:06 / All) omabuse.: out of gold newbs?
(43:06 / All) Doubler24: lol
(43:07 / All) Doubler24: spend it on towers
(43:08 / All) Doubler24: good job
(43:09 / All) stArt.a.wAr: OUT OF GOLD?
(43:10 / All) stArt.a.wAr: NOOBS
(43:12 / All) MrFrosty: i have 7.6k
(43:16 / All) Doubler24: LOL
(43:17 / All) kunt.roII: i only got 6k
(43:18 / All) MrFrosty: but yeah thats pretty out of gold i guess
(43:19 / All) omabuse.: nebw
(43:19 / All) Gobiner: get a stats hack
(43:29 / All) omabuse.: cant
(43:30 / All) Gobiner: doesn't you maphack come with stats info?
(43:32 / All) omabuse.: if i saw ur stats
(43:32 / All) kunt.roII: fyi
(43:33 / All) omabuse.: i would dei
(43:35 / All) omabuse.: cuz we matchewd newbs
(43:36 / All) kunt.roII: theres this thing called upkeep
(43:36 / All) omabuse.: again
(43:42 / All) omabuse.: its called abuse for a reasno
(43:43 / All) kunt.roII: noobs like you tend to forget about it
(43:43 / All) omabuse.: u match newbs
(43:50 / All) kunt.roII: yes
(43:54 / All) kunt.roII: we matched newbs
(43:58 / All) kunt.roII: you are the newb
(44:03 / All) omabuse.: no
(44:04 / All) omabuse.: i mean YOUR
(44:05 / All) omabuse.: the nebws
(44:07 / Allies) MrFrosty: hahaha
(44:07 / All) omabuse.: we woiuld never match u
(44:08 / All) kunt.roII: you're
(44:08 / All) omabuse.: newbs
(44:11 / All) omabuse.: on our real accnts
(44:14 / All) omabuse.: ur too low %
(44:16 / All) kunt.roII: LOOL
(44:20 / All) Gobiner: what are you real accounts then
(44:24 / All) Doubler24: u cant kill us
(44:26 / All) Doubler24: we have aa
(44:26 / All) Doubler24: air
(44:26 / All) kunt.roII: i think were like 95% but thats cool
(44:27 / All) Doubler24: and melle
(44:31 / All) omabuse.: ur
(44:32 / All) MrFrosty: melle?
(44:32 / All) omabuse.: 35
(44:33 / All) MrFrosty: FUCK
(44:35 / All) omabuse.: not 95
(44:36 / All) Gobiner: *searches bnet ladders for good accounts*
(44:38 / All) kunt.roII: melle
(44:40 / Allies) MrFrosty: we're 15-1
(44:40 / All) Doubler24: tauren and giants
(44:45 / All) MrFrosty: we're 15-1
(44:47 / All) MrFrosty: but ok
(44:49 / All) MrFrosty: GIANTS?
(44:50 / All) omabuse.: haha
(44:51 / All) omabuse.: newbs
(44:57 / All) omabuse.: 15-1
(44:57 / All) omabuse.: uyea
(44:59 / All) omabuse.: we raped u
(45:01 / All) omabuse.: yestudayu
(45:04 / All) omabuse.: cuz u cant micro
(45:04 / All) kunt.roII: i can tell
(45:05 / All) omabuse.: but towrs
(45:07 / All) omabuse.: do more dmg
(45:08 / All) Gobiner: we didn't know you'd be hacking then
(45:09 / All) omabuse.: thebn ur skills
(45:09 / All) omabuse.: Lol
(45:12 / All) omabuse.: even ur blizzard is shit
(45:13 / All) Gobiner: we knew you'd be hacking this time
(45:32 / All) MrFrosty: when are you going to tie hack us?
(45:39 / All) Gobiner: seriously
(45:43 / All) omabuse.: we will
(45:46 / All) Gobiner: just suicide all your shit and tiehack us
(45:47 / All) omabuse.: but after we win
(45:49 / All) kunt.roII: brb pizza man here
(45:50 / All) omabuse.: u aint shit
(45:55 / All) Gobiner: umm manner plz
(45:55 / All) MrFrosty: gotta tip him hold on
(45:58 / All) Gobiner: my friend needs to pay pizza man
(46:05 / All) omabuse.: idc
(46:19 / Allies) MrFrosty: bats coming
(46:22 / Allies) MrFrosty: get ready to shackle
(47:03 / All) Gobiner: great job
(47:06 / All) Gobiner: excellent micro
(47:11 / All) MrFrosty: killed 4 hawks
(47:12 / All) omabuse.: plz
(47:13 / All) Gobiner: do you give lessons
(47:13 / All) kunt.roII: u hurt one of my hakws
(47:14 / All) omabuse.: STUPID
(47:15 / All) omabuse.: as fuck
(47:17 / All) omabuse.: seroously
(47:19 / All) Doubler24: haha
(47:21 / All) omabuse.: if your mentally retarded
(47:22 / All) omabuse.: dont speak
(47:22 / All) Doubler24: so u guys thinkg u can win
(47:25 / All) kunt.roII: you're
(47:26 / All) omabuse.: micro when netted?
(47:31 / All) omabuse.: are you mentally ill?
(47:32 / All) Gobiner: do you give lessons??
(47:34 / All) omabuse.: if u cant have common sense
(47:35 / All) kunt.roII: micro away from net?
(47:36 / All) Gobiner: I could learn a lot from you
(47:36 / All) omabuse.: dont speak
(47:40 / All) omabuse.: your embarassing yourself
(47:40 / All) kunt.roII: are you mentally ill?
(47:45 / All) omabuse.: your attempt at humour
(47:46 / All) omabuse.: just failed
(47:47 / All) omabuse.: kid
(47:48 / All) Gobiner: I'm real bad at losing but I think you could teach me to lose a lot
(47:50 / All) kunt.roII: i hear
(47:55 / All) kunt.roII: when you mined all game in upkeep
(47:59 / All) kunt.roII: and your opponents didnt
(48:01 / All) MrFrosty: your attempt at harrassing my workers was hilarious though
(48:05 / All) kunt.roII: its good to use bats on 3/3 war trained hawks
(48:09 / All) omabuse.: talk intelligently
(48:15 / Allies) MrFrosty: hahaha
(48:18 / All) omabuse.: i dont have time for elementary kids
(48:20 / All) omabuse.: seriously.
(48:24 / All) Gobiner: so tiehack us and leave
(48:25 / All) kunt.roII: SRSLY
(48:30 / All) Gobiner: go
(48:31 / All) Gobiner: do it
(48:32 / All) Gobiner: go
(48:33 / Allies) Gobiner: do
(48:35 / All) Gobiner: do
(48:36 / All) Gobiner: it
(48:41 / All) kunt.roII: perhaps you should harass those peasants we see on the left
(48:43 / All) Doubler24: why do u guys use this strat
(48:45 / All) Doubler24: like
(48:48 / All) Doubler24: whats the point
(48:51 / All) omabuse.: no life
(48:53 / All) Gobiner: and pwning
(48:53 / All) omabuse.: they wait
(48:55 / All) omabuse.: 50 minutes
(48:57 / All) omabuse.: everyday
(48:58 / All) omabuse.: and still lose
(49:00 / All) omabuse.: kind of newb
(49:02 / All) kunt.roII: everyday
(49:05 / All) kunt.roII: if only
(49:14 / All) omabuse.: u do
(49:16 / All) kunt.roII: there arent enough n oobs like you guys for 7 days of the week
(49:16 / All) omabuse.: this everyday
(49:19 / All) omabuse.: i saw u newbs yestuday
(49:21 / All) omabuse.: u stallewd
(49:23 / All) omabuse.: 1 hr
(49:25 / All) omabuse.: and still lost
(49:27 / All) MrFrosty: dryads do pretty well against towers
(49:28 / All) omabuse.: now today u stall for 1hr
(49:31 / All) omabuse.: and ur still gonna lose
(49:32 / All) MrFrosty: thats a good choice
(49:36 / All) omabuse.: mr frosty
(49:37 / All) Gobiner: you mean tie
(49:39 / All) MrFrosty: no you're going to tiehack us
(49:40 / All) Gobiner: we're going to tie
(49:44 / Allies) kunt.roII: well i would have no option to agree
(49:52 / All) kunt.roII: seeing as how well your last 2 attacks went
(50:02 / All) kunt.roII: i have no option but to surrender
(50:03 / All) MrFrosty: harrass my workers again
(50:12 / All) omabuse.: we wait]
(50:13 / All) omabuse.: as well
(50:15 / All) omabuse.: idc
(50:17 / All) kunt.roII: wow
(50:17 / All) omabuse.: i got new PSM
(50:18 / All) omabuse.: anyways
(50:19 / All) kunt.roII: no life>????
(50:22 / All) omabuse.: i read
(50:23 / All) omabuse.: PSMS
(50:25 / All) omabuse.: for 1 hr
(50:27 / All) omabuse.: might as well do it now
(50:28 / All) omabuse.: righjt
(50:34 / All) MrFrosty: is that some gook manga shit?
(50:38 / All) omabuse.: gook
(50:40 / All) omabuse.: is asian
(50:43 / All) omabuse.: im not asian
(50:51 / All) MrFrosty: you're a nigger?
(50:52 / All) kunt.roII: chink then
(50:54 / All) MrFrosty: OMA
(50:54 / All) MrFrosty: R
(50:56 / All) omabuse.: you guys
(50:57 / All) omabuse.: are sad
(50:59 / All) MrFrosty: is a sand nigger
(51:00 / All) Gobiner: great micro
(51:01 / All) omabuse.: if u had a myspace
(51:02 / All) omabuse.: i would come
(51:03 / All) omabuse.: and beat u uop
(51:05 / All) Gobiner: thanks for all these wisps
(51:06 / Allies) MrFrosty: hahahaha
(51:14 / All) MrFrosty: myspace is getting beaten up
(51:15 / All) MrFrosty: SHIT
(51:41 / Allies) MrFrosty: lolllllll
(51:52 / Allies) MrFrosty: ugh
(53:05 / All) Doubler24: plz come to me
(53:05 / All) Doubler24: :D
(53:14 / All) Doubler24: u mh
(53:16 / All) Doubler24: bad
(53:20 / All) omabuse.: u guys
(53:23 / All) omabuse.: My ass well
(53:23 / All) omabuse.: eh
(53:24 / All) kunt.roII: yeah you didnt give it away at all
(53:30 / Allies) kunt.roII: "PLZ DONT COME TO ME :)"
(53:42 / All) omabuse.: feed me some dragon hawsk
(53:45 / All) omabuse.: cuz u cant micro units for shit
(53:47 / All) kunt.roII: no thx
(53:47 / All) omabuse.: lol
(53:47 / All) MrFrosty: feed us more chims
(53:51 / All) MrFrosty: like you did
(53:52 / All) omabuse.: no
(53:54 / All) omabuse.: we wait now
(53:56 / All) omabuse.: like u newbs
(53:58 / All) omabuse.: but we dont nee towers
(54:00 / All) omabuse.: cuz i can out micro
(54:05 / All) omabuse.: all 3 of u
(54:08 / All) kunt.roII: glad to find out
(54:11 / All) omabuse.: 3v1 me
(54:12 / All) omabuse.: seriouly
(54:14 / All) kunt.roII: that you realize all you could do with your chims was lose them
(54:16 / All) omabuse.: i nbeed some exp from ur heros anyways
(54:21 / All) Doubler24: lol
(54:22 / All) stArt.a.wAr: u realize
(54:24 / All) Doubler24: u KILLED 4 CHIMS
(54:25 / All) stArt.a.wAr: u just lost a 3 hour game
(54:25 / All) Doubler24: BIG DEAL
(54:30 / All) kunt.roII: has it already been 3 hours
(54:31 / All) MrFrosty: it was 6 actually
(54:32 / All) Doubler24: yeah
(54:32 / All) omabuse.: serioously
(54:33 / All) omabuse.: Lol
(54:33 / All) kunt.roII: damn
(54:36 / All) stArt.a.wAr: its gonna be 3 hours
(54:37 / All) Doubler24: u just wasted 3 hours to losing
(54:37 / All) stArt.a.wAr: when u lose
(54:41 / All) kunt.roII: ive won an 18 hour game i beleive
(54:50 / All) omabuse.: your
(54:51 / All) omabuse.: going
(54:52 / All) omabuse.: to hell
(54:53 / All) Gobiner: I've never lost on highperch sorry don't intend to start now
(54:54 / All) kunt.roII: you're
(54:55 / Allies) MrFrosty: hahaha
(55:23 / All) MrFrosty: the 8th deadly sin is spending more than 12 hours in a warcraft game
(56:13 / Allies) MrFrosty: periapt
(56:18 / Allies) MrFrosty: was dropped fromt hat one
(56:48 / All) kunt.roII: LOL
(56:51 / All) stArt.a.wAr: NOOBS
(56:52 / All) Doubler24: GG?
(56:54 / All) omabuse.: haahah
(56:55 / All) omabuse.: fun game
(56:57 / All) omabuse.: fun time
(56:58 / All) Gobiner: this isn't dota
(57:04 / All) Gobiner: we don't quit when a hero dies
(57:15 / All) omabuse.: u should
(57:20 / All) omabuse.: well
(57:22 / All) omabuse.: it doesnt matter
(57:25 / All) omabuse.: if u have a hero or not
(57:32 / All) omabuse.: ur shti all the same
(57:37 / All) Gobiner: blademaster 3rd hero is pro
(58:01 / All) kunt.roII: nice micro
(58:08 / All) kunt.roII: DK has a healing spell
(58:10 / All) kunt.roII: DID YOU KNOW THAT
(58:13 / All) omabuse.: je scs
(58:22 / All) omabuse.: 3rd hero BM
(58:24 / All) omabuse.: is called
(58:25 / All) omabuse.: pro micro
(58:28 / All) omabuse.: cuz it takes pro micro
(58:30 / Allies) MrFrosty: lolllllllllllllll
(58:32 / All) omabuse.: to have a 3rd BM
(58:35 / All) omabuse.: MK last
(58:37 / All) omabuse.: or Pally last
(58:37 / All) kunt.roII: start a war
(58:39 / All) omabuse.: is newbiest heros
(58:43 / All) omabuse.: sicne its not hard to use em at all
(58:44 / All) kunt.roII: i just heard that you have a small dick
(58:45 / All) omabuse.: even 1st time news
(58:47 / All) omabuse.: can move
(58:49 / All) kunt.roII: from informed scources
(59:10 / Allies) MrFrosty: dh
(60:21 / Allies) MrFrosty: lolllll
(61:14 / Allies) MrFrosty: we could prob. win a fight
(61:59 / All) kunt.roII: nice micro
(62:14 / All) omabuse.: i dont have
(62:17 / All) omabuse.: staff of no micro
(62:20 / All) kunt.roII: LOL
(62:23 / All) MrFrosty: that bm of yours requiring pro micro just died?
(62:26 / All) MrFrosty: dont you have pro micro
(62:27 / All) kunt.roII: maybe you shoudl buy one then idiot
(62:28 / All) omabuse.: 2 MK
(62:32 / All) Gobiner: let me edit that for you "i don't have no micro"
(62:33 / All) omabuse.: vs 1 lv1 bm
(62:34 / All) MrFrosty: no its only one
(62:40 / All) omabuse.: ehh newb
(62:44 / All) omabuse.: your waste of my time
(62:47 / Allies) MrFrosty: hahaha
(62:52 / All) MrFrosty: feel free to tiehack us then
(62:53 / All) kunt.roII: you're
(62:54 / All) omabuse.: you still gonna suck, your just wasting my time.
(62:59 / All) omabuse.: yournot getting better
(63:03 / All) kunt.roII: 2ez
(63:04 / All) MrFrosty: 2ez nubs
(63:05 / All) Gobiner: 2ez nubs
(63:06 / All) MrFrosty: get the fuck out
(64:23 / All) Gobiner: 2ez